 Dungeon Sprint DCSS version 0.28.0-43-g3370ac3207 (webtiles) character file.

Game seed: 820095459959310985

17847 boopmooplesden the Minotaur Blade (level 12, -11/122 HPs)
             Began as a Minotaur Berserker on Mar 15, 2022.
             Was the Champion of Trog.
             Killed from afar by a fire giant (22 damage)
             ... with a fireball
             ... in the Dungeon (Sprint I: "Red Sonja").
             The game lasted 00:12:16 (3421 turns).

boopmooplesden the Minotaur Blade (MiBe)            Turns: 3421, Time: 00:12:17

Health: -11/122    AC: 23    Str: 23    XL:     12   Next: 22%
Magic:  9/9        EV: 13    Int:  6    God:    Trog [******]
Gold:   30         SH:  0    Dex: 13    Spells: 11/11 levels left

rFire   + . .      SeeInvis .   q - +2 triple sword (vorpal)
rCold   . . .      Faith    .   (shield currently unavailable)
rNeg    + + .      Spirit   .   l - +3 chain mail {Will+}
rPois   .          Reflect  .   (helmet unavailable)
rElec   .          Harm     .   t - +2 cloak of the Skies Above {*Slow +Inv rN+ Str+3}
rCorr   .          Rampage  .   (no gloves)
Will    +....      NoTele   +   b - +0 pair of boots
Stlth   ..........              (no amulet)
HPRegen 0.30/turn               x - ring of Scepticism {rF+ rN+ Dex+4}
MPRegen 0.11/turn               z - ring of flight

@: on berserk cooldown, flying, slowed, very slow
A: horns 3, retaliatory headbutt, clumsy 2, frail 1, low MP 1, weak 1, subdued
magic 2
a: Renounce Religion, Evoke Invisibility, Berserk, Trog's Hand, Brothers in Arms


You were in the Dungeon.
You worshipped Trog.
Trog was exalted by your worship.
You visited 1 branch You collected 1834 gold pieces.
You spent 1804 gold pieces at shops.

Inventory:

Hand Weapons
 a - a +0 spectral falchion
 h - a +2 vorpal double sword
 k - a +3 great sword
 p - a +0 great sword of holy wrath
 q - a +2 vorpal triple sword (weapon)
 w - a +3 great sword of flaming
 y - the +5 long sword "Iqegiqaynk" {freeze, rF+ rN+}
   (You bought it in a shop in the Dungeon)

   It freezes those it strikes, dealing additional cold damage.
   It can also slow down cold-blooded creatures.
   rF:        It protects you from fire.
   rN:        It protects you from negative energy.
Armour
 b - a +0 pair of boots (worn)
 l - a +3 chain mail of willpower (worn)
 o - the +0 hat of the Aged Beasts {+Blink Int+6}
   (You bought it in a shop in the Dungeon)

   Int:       It affects your intelligence (+6).
   +Blink:    It lets you blink.
 t - the +2 cloak of the Skies Above (worn) {*Slow +Inv rN+ Str+3}
   (You bought it in a shop in the Dungeon)

   Str:       It affects your strength (+3).
   rN:        It protects you from negative energy.
   +Inv:      It lets you turn invisible.
   *Slow:     It may slow you when you take damage.
Jewellery
 x - the ring of Scepticism (left hand) {rF+ rN+ Dex+4}
   (You bought it in a shop in the Dungeon)

   [ring of protection from fire]

   Dex:       It affects your dexterity (+4).
   rF:        It protects you from fire.
   rN:        It protects you from negative energy.
 z - a ring of flight (right hand)
Wands
 e - a wand of flame (19)
 i - a wand of polymorph (18)
 n - a wand of iceblast (4)
 A - a wand of paralysis (14)
Scrolls
 s - a scroll of holy word
 u - a scroll of immolation
 v - a scroll of vulnerability
Potions
 c - 3 potions of curing
 d - a potion of heal wounds
 f - 2 potions of magic
 g - a potion of berserk rage
 j - a potion of cancellation {unknown}
 m - a potion of might {unknown}
Miscellaneous
 r - a lightning rod (4/4)


   Skills:
 + Level 21.0 Fighting
 + Level 22.3 Long Blades
 + Level 17.6 Armour
 + Level 10.1 Dodging
 + Level 5.7 Stealth
 + Level 0.5 Evocations


You had 11 spell levels left.
You didn't know any spells.
Your spell library was empty.

Dungeon Overview and Level Annotations

Branches:
Dungeon (1/1)

Altars:
Cheibriados
Dithmenos
Elyvilon
Fedhas
Gozag
Hepliaklqana
Kikubaaqudgha
Makhleb
Nemelex Xobeh
Okawaru
Qazlal
Ru
Sif Muna
Trog
Uskayaw
Vehumet
Wu Jian
Xom
Yredelemnul
Zin
The Shining One
Jiyva
Lugonu

Shops:
D [(*[([*(!*([=?*([==[[


Innate Abilities, Weirdness & Mutations

You have a pair of large horns on your head.
You reflexively headbutt those who attack you in melee.
You are very clumsy. (Dex -4)
You are frail. (-10% HP)
Your magical capacity is low. (-10% MP)
You are weak. (Str -2)
Your spells are easier to cast, but less powerful.


Message History

You are exhausted.
You feel yourself slow down.
The fire giant gestures at you while chanting.
The fireball explodes!
The fireball engulfs you! You resist. The fire giant casts a spell at you.
The fireball explodes!
The fireball engulfs you! You resist.
The fire giant points at you and mumbles some strange words.
The bolt of fire hits the fire giant.
The fire giant resists.
The bolt of fire hits you! You resist.
The fire giant hits you but does no damage.
You cut the fire giant into ribbons!!!
The fire giant is heavily wounded.
The fire giant gestures at you while chanting.
The bolt of fire hits you! You resist.
* * * LOW HITPOINT WARNING * * *
You feel much better. The fire giant closely misses you.
The fire giant completely misses you.
You slash the fire giant! You headbutt the fire giant!
The fire giant is almost dead.
The fire giant points at you and mumbles some strange words.
The bolt of fire hits the fire giant!
The fire giant resists.
The bolt of fire hits you! You resist.
* * * LOW HITPOINT WARNING * * *
The fire giant hits you with a +1 great sword of flaming!
* * * LOW HITPOINT WARNING * * *
You slice the fire giant like a ripe choko!!!
You kill the fire giant!
Trog accepts your kill.
Trog appreciates your killing of a magic user.
Your Fighting skill increases to level 21!
You hit the fire giant.
The fire giant is lightly wounded.
The fire giant hits you with a +0 great sword of flaming!
* * * LOW HITPOINT WARNING * * *
You open the fire giant like a pillowcase!!!
You headbutt the fire giant!!
The fire giant is severely wounded.
The fire giant casts a spell at you.
The fireball explodes!
The fireball engulfs you!! You resist.
You die...

§###.###.#○°##*,,**#..#+###,,≈*,,
...')∩##.#..#***,,*##...#,≈,,**,,
########§##°#,,*,,*,###.#,≈,,*,,,
......##§##.#,,,,,,,,,#.#**,,*,,,
......§'§####,,,,,,,,,#.#,+,,**,,
+.######.#,,+,,,,,,####'#,**+**,,
.....§.#.##***,,,###....#,*≈≈≈**,
....§§#)§#[)=#####)))####,*≈≈≈≈**
.....≈####)....C@..###,,,,*≈≈≈≈≈*
....≈≈#*):(....#####,,,,****≈≈≈≈*
..≈≈≈##*(/....#*,^,,^,^,*,,*+≈≈≈+
≈≈≈### *?....#*,^,,,,,,,*,,,**≈≈*
###'###*$.$$$*,,,,,,,^,,*,,,,****
####∩∩#*####******,,,,,,*,,,,*≈≈≈
∩∩∩∩∩##*≈≈≈≈≈≈≈≈,*,,^,^^*******≈≈
###### *###*******,,,^^,+,,*,,+,,
*,,,,,+,,,,,,,,^,*,,+,,*,,


You could see a fire giant.

Vanquished Creatures
  3 fire giants (D)
  A lorocyproca (D)
  A hydra (D)
  2 centaur warriors (D)
  Sonja (D)
  A deep troll (D)
  A lindwurm (D)
  An oklob plant (D)
  8 shining eyes (D)
  A gargoyle (D)
  4 demonic crawlers (D)
  7 unseen horrors (D)
  2 kobold demonologists (D)
  A hornet (D)
  A slime creature (D)
  A yak (D)
  Sigmund (D)
  13 hogs (D)
  2 redbacks (D)
  7 floating eyes (D)
  7 necrophages (D)
  An ogre (D)
  8 jellies (D)
  Ijyb (D)
76 creatures vanquished.

Vanquished Creatures (others)
  2 ballistomycete spores (D)
2 creatures vanquished.

Grand Total: 78 creatures vanquished

Notes
Turn   | Place    | Note
-------+----------+-------------------------------------------
     0 | D        | boopmooplesden the Minotaur Berserker began the quest for
                  | the Orb.
     0 | D        | Reached XP level 1. HP: 19/19 MP: 0/0
     1 | D        | Noticed Ijyb
     7 | D        | Killed Ijyb
     8 | D        | Reached skill level 5 in Fighting
     8 | D        | Reached skill level 5 in Long Blades
     8 | D        | Reached XP level 2. HP: 29/29 MP: 1/1
    62 | D        | Noticed an ogre
    66 | D        | Killed an ogre
    67 | D        | Reached skill level 8 in Long Blades
    67 | D        | Reached XP level 3. HP: 40/40 MP: 2/2
    67 | D        | Reached XP level 4. HP: 48/48 MP: 3/3
   221 | D        | Noticed Sigmund
   230 | D        | Killed Sigmund
   230 | D        | Reached ** piety under Trog
   231 | D        | Reached skill level 10 in Long Blades
   231 | D        | Reached skill level 5 in Armour
   231 | D        | Reached XP level 5. HP: 58/58 MP: 4/4
   293 | D        | Found a burning altar of Makhleb.
   293 | D        | Found a viscous altar of Jiyva.
   293 | D        | Found a shimmering altar of Xom.
   293 | D        | Found a corrupted altar of Lugonu.
   293 | D        | Noticed a slime creature
   298 | D        | Killed a slime creature
   299 | D        | Reached skill level 11 in Long Blades
   299 | D        | Reached skill level 5 in Dodging
   299 | D        | Reached XP level 6. HP: 68/68 MP: 5/5
   299 | D        | Found an ornate altar of the Wu Jian Council.
   299 | D        | Found a shimmering blue altar of Sif Muna.
   301 | D        | Found a radiant altar of Vehumet.
   337 | D        | Found Fuolison's Armour Emporium.
   337 | D        | Found an ancient bone altar of Kikubaaqudgha.
   337 | D        | Found a hazy altar of Hepliaklqana.
   337 | D        | Found a hide-covered altar of Uskayaw.
   337 | D        | Found a basalt altar of Yredelemnul.
   337 | D        | Found an opulent altar of Gozag.
   337 | D        | Found a snail-covered altar of Cheibriados.
   337 | D        | Found a sacrificial altar of Ru.
   337 | D        | Found a shadowy altar of Dithmenos.
   337 | D        | Noticed a yak
   341 | D        | Killed a yak
   342 | D        | Reached skill level 12 in Long Blades
   342 | D        | Reached XP level 7. HP: 77/77 MP: 6/6
   342 | D        | Found a stormy altar of Qazlal.
   342 | D        | Found a blossoming altar of Fedhas.
   342 | D        | Found a bloodstained altar of Trog.
   342 | D        | Found an iron altar of Okawaru.
   342 | D        | Found a glowing golden altar of the Shining One.
   342 | D        | Found a glowing silver altar of Zin.
   342 | D        | Found a white marble altar of Elyvilon.
   343 | D        | Found a sparkling altar of Nemelex Xobeh.
   347 | D        | Bought a +2 chain mail of willpower for 258 gold pieces
   410 | D        | Noticed a kobold demonologist
   412 | D        | Noticed a kobold demonologist
   415 | D        | Reached *** piety under Trog
   418 | D        | Killed a kobold demonologist
   419 | D        | Reached skill level 13 in Long Blades
   422 | D        | Killed a kobold demonologist
   423 | D        | Reached skill level 14 in Long Blades
   423 | D        | Reached skill level 1 in Stealth
   423 | D        | Reached XP level 8. HP: 86/86 MP: 7/7
   560 | D        | Noticed a centaur warrior
   562 | D        | Noticed a centaur warrior
   574 | D        | Killed a centaur warrior
   574 | D        | Reached **** piety under Trog
   575 | D        | Reached skill level 15 in Long Blades
   576 | D        | Killed a centaur warrior
   577 | D        | Reached skill level 15 in Fighting
   577 | D        | Reached skill level 16 in Long Blades
   577 | D        | Reached XP level 9. HP: 66/97 MP: 8/8
   781 | D        | Noticed a deep troll
   786 | D        | Killed a deep troll
   798 | D        | Found Ydalerat's Armour Emporium.
   826 | D        | Noticed Sonja
   835 | D        | Killed Sonja
   836 | D        | Reached skill level 17 in Long Blades
   987 | D        | Found Yvasi's Armour Boutique.
  1027 | D        | Noticed an oklob plant
  1038 | D        | Killed an oklob plant
  1038 | D        | Reached ***** piety under Trog
  1039 | D        | Reached skill level 10 in Armour
  1039 | D        | Reached XP level 10. HP: 59/110 MP: 9/9
  1381 | D        | Reached skill level 18 in Long Blades
  1446 | D        | Received a gift from Trog
  1492 | D        | Reached ****** piety under Trog
  1507 | D        | Received a gift from Trog
  1533 | D        | Found Axewoquu's Weapon Shoppe.
  1533 | D        | Found Foebemem's Assorted Antiques.
  1533 | D        | Found Baucuyci's Distillery.
  1535 | D        | Found Xosyju's General Store.
  1535 | D        | Found Zaita's Antique Weapon Shop.
  1535 | D        | Found Quumopsi's Antique Armour Shoppe.
  1535 | D        | Found Heucosumogu's Jewellery Boutique.
  1535 | D        | Found Fitaid's Magic Scroll Emporium.
  1535 | D        | Found Keuciuh's Assorted Antiques.
  1535 | D        | Found Xaane's Antique Weapon Shoppe.
  1537 | D        | Bought a scroll labelled VIES NIULOD for 20 gold pieces
  1537 | D        | Bought a scroll labelled HIGYESKIMAE for 20 gold pieces
  1537 | D        | Bought a scroll of identify for 40 gold pieces
  1537 | D        | Bought a scroll of identify for 40 gold pieces
  1544 | D        | Found Motoxzets's Armour Boutique.
  1545 | D        | Found Nougiahi's Jewellery Emporium.
  1545 | D        | Found Kageckuf's Jewellery Boutique.
  1546 | D        | Found Nusmalil's Armour Emporium.
  1547 | D        | Bought a shimmering hat for 225 gold pieces
  1547 | D        | Identified the +0 hat of the Aged Beasts {+Blink Int+6}
                  | (You bought it in a shop in the Dungeon)
  1547 | D        | Bought a shimmering cloak for 237 gold pieces
  1547 | D        | Identified the +2 cloak of the Skies Above {*Slow +Inv rN+
                  | Str+3} (You bought it in a shop in the Dungeon)
  1562 | D        | Bought a scroll labelled CETHRO ICEO for 24 gold pieces
  1562 | D        | Bought a scroll labelled RAUMEFUUNU for 24 gold pieces
  1563 | D        | Bought a scroll of identify for 24 gold pieces
  1563 | D        | Bought a scroll of identify for 24 gold pieces
  1622 | D        | Noticed a shining eye
  1622 | D        | Noticed a shining eye
  1622 | D        | Noticed a shining eye
  1628 | D        | Paralysed by a floating eye for 2 turns
  1638 | D        | Killed a shining eye
  1639 | D        | Gained mutation: You are clumsy. (Dex -2) [a shining eye]
  1646 | D        | Gained mutation: Your magical capacity is low. (-10% MP) [a
                  | shining eye]
  1647 | D        | Killed a shining eye
  1648 | D        | Killed a shining eye
  1649 | D        | Reached skill level 19 in Long Blades
  1649 | D        | Noticed a shining eye
  1649 | D        | Noticed a shining eye
  1649 | D        | Noticed a shining eye
  1652 | D        | Killed a shining eye
  1652 | D        | Received a gift from Trog
  1653 | D        | Gained mutation: You have a pair of large horns on your
                  | head. [a shining eye]
  1654 | D        | Noticed a shining eye
  1654 | D        | Noticed a shining eye
  1655 | D        | Gained mutation: You are weak. (Str -2) [a shining eye]
  1655 | D        | Gained mutation: Your body sometimes deteriorates upon
                  | taking damage. [a shining eye]
  1655 | D        | Lost mutation: Your body sometimes deteriorates upon taking
                  | damage. [a shining eye]
  1656 | D        | Gained mutation: Your spells are a little easier to cast,
                  | but a little less powerful. [a shining eye]
  1657 | D        | Gained mutation: You are frail. (-10% HP) [a shining eye]
  1658 | D        | Gained mutation: You are very clumsy. (Dex -4) [a shining
                  | eye]
  1659 | D        | Killed a shining eye
  1660 | D        | Reached XP level 11. HP: 108/108 MP: 8/8
  1664 | D        | Killed a shining eye
  1668 | D        | Killed a shining eye
  1671 | D        | Gained mutation: Your spells are easier to cast, but less
                  | powerful. [a shining eye]
  1671 | D        | Paralysed by a floating eye for 3 turns
  1676 | D        | Killed a shining eye
  1677 | D        | Reached skill level 5 in Stealth
  1685 | D        | Found Mocholes's Weapon Shop.
  1685 | D        | Found Hiadoir's Weapon Shoppe.
  1685 | D        | Found Gihuwoc's Antique Armour Boutique.
  1685 | D        | Found Ujef's Assorted Antiques.
  1761 | D        | Received a gift from Trog
  1768 | D        | Reached skill level 20 in Long Blades
  1768 | D        | Reached skill level 15 in Armour
  1958 | D        | Noticed a lindwurm
  1963 | D        | Killed a lindwurm
  2111 | D        | Received a gift from Trog
  2125 | D        | Received a gift from Trog
  2155 | D        | Noticed a 12-headed hydra
  2157 | D        | Killed a ten-headed hydra
  2606 | D        | Bought the ring of Scepticism {rF+ rN+ Dex+4} for 446 gold
                  | pieces
  2610 | D        | Bought an iridescent long sword for 212 gold pieces
  2610 | D        | Identified the +5 long sword "Iqegiqaynk" {freeze, rF+ rN+}
                  | (You bought it in a shop in the Dungeon)
  2711 | D        | Bought a ring of flight for 210 gold pieces
  2785 | D        | Killed a lorocyproca
  2786 | D        | Reached skill level 21 in Long Blades
  3029 | D        | Noticed a daeva
  3391 | D        | Reached skill level 10 in Dodging
  3396 | D        | Noticed a fire giant
  3397 | D        | Noticed a fire giant
  3401 | D        | Killed a fire giant
  3401 | D        | Received a gift from Trog
  3402 | D        | Reached XP level 12. HP: 120/120 MP: 9/9
  3406 | D        | Killed a fire giant
  3407 | D        | Reached skill level 22 in Long Blades
  3409 | D        | Noticed a fire giant
  3409 | D        | Noticed a fire giant
  3419 | D        | Killed a fire giant
  3421 | D        | Killed from afar by a fire giant

Illustrated notes

Levels and vault maps discovered:
D:        dungeon_sprint_1 [red_sonja_temple_1, red_sonja_temple_small_1]

Skill      XL: |  1  2  3  4  5  6  7  8  9 10 11 12 |
---------------+-------------------------------------+-----
Fighting       | 5 7 9 11 12 13 15 16 18 20 21 | 21.0
Long Blades    | 5 8 10 11 12 14 16 17 19 21 22 | 22.3
Armour         | 3 4 5 6 7 8 10 13 17 | 17.6
Dodging        | 3 4 5 6 8 9 10 | 10.1
Stealth        | 1 3 4 5 |  5.7
Evocations     | |  0.5

Action                   |  1- 3 |  4- 6 |  7- 9 | 10-12 || total
-------------------------+-------+-------+-------+-------++-------
Melee: Falchion          |     7 |    12 |    37 |    81 ||   137
       Headbutt          |     2 |     3 |    11 |    49 ||    65
       Punch             |       |       |       |     2 ||     2
       Triple sword      |       |       |       |    54 ||    54
       Double sword      |       |       |       |    17 ||    17
       Great sword       |       |       |       |     3 ||     3
Invok: Berserk           |     2 |     3 |     4 |     7 ||    16
Evoke: Wand              |       |       |       |     1 ||     1
  Use: Scroll            |       |       |     2 |     8 ||    10
       Potion            |       |       |     1 |     1 ||     2
 Stab: Distracted        |       |       |     1 |     1 ||     2
Armor: Animal skin       |     1 |       |       |       ||     1
       Leather armour    |       |     1 |       |       ||     1
       Chain mail        |       |       |    19 |   104 ||   123
Dodge: Dodged            |     3 |     5 |    22 |    46 ||    76
